AoeStats
← Berni

Arabia

510903299Analyzed
2v2 RM · 21h ago on Oct 3, 2026· 14m 38s· 4 players
Game mode
Random Map
Map size
Medium (4 player)
Population
200
Speed
Normal
Resources
Standard
Victory
Conquest
Starting age
Dark Age
Ending age
Imperial Age
RankedLock teamsTeams togetherTeam positionsShared explorationLock speedFull tech treeHidden civsTurbo modeCheats
Victory
Defeat
🇦🇷 Britons · Argentina
1459
+11
🇦🇷 Varangians · Argentina
1308
+17
🇲🇽 Romans · Mexico
1340
-14
🇲🇽 Ethiopians · Mexico
1336
-14
Phoenician Furry
3:52 Loom
6:52 Loom
9:21 Feudal Age
9:24 Man-at-Arms
10:43 Scale Mail Armor
Berni
7:02 Loom
10:01 Feudal Age
10:03 Man-at-Arms
11:22 Double-Bit Axe
x
6:59 Loom
9:29 Feudal Age
13:37 Double-Bit Axe
LGN. Gerfel
6:33 Loom
9:18 Feudal Age
9:47 Double-Bit Axe
Connection lost

Rejoining the realm…

Still unreachable

The connection could not be restored.

Session expired

The server has moved on; the page needs a fresh start.